 Dungeon Crawl Stone Soup version 0.25.1-2-g60ff931df9 (webtiles) character file.

Game seed: 13344277556916209250

3439 Martska the Poker (level 10, -1/92 HPs)
             Began as a Naga Warper on Aug 13, 2020.
             Was a Follower of Cheibriados.
             Slain by a yak (4 damage)
             ... on level 9 of the Dungeon.
             The game lasted 00:35:26 (12191 turns).

Martska the Poker (Naga Warper)                    Turns: 12191, Time: 00:35:26

Health: -1/92      AC: 13    Str: 16    XL:     10   Next: 5%
Magic:  8/14       EV: 15    Int: 18    God:    Cheibriados [*.....]
Gold:   283        SH:  0    Dex: 13    Spells: 10/15 levels left

rFire    . . .     SeeInvis +   m - +2 spear (vorpal)
rCold    . . .     Gourm    .   (no shield)
rNeg     + . .     Faith    .   E - +4 ring mail
rPois    +         Spirit   .   (no helmet)
rElec    .         Reflect  .   e - +0 cloak
rCorr    .         Harm     .   H - +0 pair of gloves "Oneipt" {rPois rN+ Stlth+}
MR       +....                  (no barding)
Stlth    ++........             k - amulet of magic regeneration
HPRegen  0.25/turn              B - +4 ring of evasion
MPRegen  0.39/turn              j - ring of flight

@: very slow
A: large, see invisible, deformed body, poison resistance, slowness 2, slow
metabolism 1, spit poison 1, AC +3
a: Spit Poison, Bend Time, Renounce Religion, Evoke Flight


You were on level 9 of the Dungeon.
You worshipped Cheibriados.
Cheibriados was aware of your devotion.
You were not hungry.

You visited 2 branches of the dungeon, and saw 10 of its levels.
You also visited: Sewer.

You collected 283 gold pieces.

Inventory:

Hand Weapons
 a - a +1 spear
 m - a +2 vorpal spear (weapon)
Missiles
 C - 3 boomerangs (quivered)
Armour
 b - a +0 leather armour
 e - a +0 cloak (worn)
 h - a scarf of harm
 E - a +4 ring mail (worn)
 H - the +0 pair of gloves "Oneipt" (worn) {rPois rN+ Stlth+}
   (You found it on level 6 of the Dungeon)

   It protects you from poison.
   It protects you from negative energy.
   It makes you more stealthy.
Jewellery
 g - an uncursed ring of protection from cold
 i - an uncursed ring of teleportation
 j - a ring of flight (right hand)
 k - an amulet of magic regeneration (around neck)
 z - an uncursed ring of ice
 B - a +4 ring of evasion (left hand)
 G - an uncursed ring of ice
 J - an uncursed ring of see invisible {unknown}
Wands
 c - a wand of digging (3)
 x - a wand of disintegration (5)
Scrolls
 r - 3 scrolls of enchant armour
 w - 3 scrolls of remove curse
 y - a scroll of amnesia {unknown}
 D - 3 scrolls of noise {unknown}
 K - 2 scrolls of magic mapping
Potions
 d - 2 potions of degeneration
 n - a potion of cancellation {unknown}
 p - 2 potions of mutation
 q - a potion of brilliance {unknown}
 s - a potion of might {unknown}
 u - a potion of flight {unknown}
 A - a potion of haste {unknown}
Comestibles
 f - 3 rations


   Skills:
 * Level 6.9 Fighting
 * Level 7.0 Polearms
 - Level 0.8 Throwing
 * Level 4.0 Armour
 * Level 5.7 Dodging
 - Level 3.0 Spellcasting
 + Level 4.7 Translocations
 * Level 4.2 Invocations


You had 10 spell levels left.
You knew the following spells:

 Your Spells              Type           Power        Failure   Level  Hunger
a - Blink                 Tloc           N/A          6%          2    ##.....
b - Teleport Other        Tloc           ###.....     12%         3    ###....

Your spell library contained the following spells:

 Spells                   Type           Power        Failure   Level  Hunger
 Gell's Gravitas          Tloc           ###.......   12%         3    ###....
 Lesser Beckoning         Tloc           ###.......   12%         3    ###....
 Shroud of Golubria       Chrm/Tloc      ##....       17%         2    ##.....
 Passage of Golubria      Tloc           N/A          38%         4    ####...


Dungeon Overview and Level Annotations

Branches:
Dungeon (8/15)             Temple (1/1) D:5           Sewer (visited)
   Lair: D:8-11

Altars:
Cheibriados
Dithmenos
Elyvilon
Gozag
Hepliaklqana
Makhleb
Nemelex Xobeh
Okawaru
Trog
Uskayaw
Wu Jian
Xom
Yredelemnul
The Shining One

Shops:
D:5 (   D:9 =

Annotations:
D:6 Maggie


Innate Abilities, Weirdness & Mutations

You cannot wear boots.
Your serpentine skin is tough. (AC +3)
You have supernaturally acute eyesight. (SInv)
Armour fits poorly on your strangely shaped body.
Your system is resistant to poisons. (rPois)
You cover ground very slowly.
You have a slow metabolism.
You can spit poison.


Message History

* * * LOW HITPOINT WARNING * * *
Attack whom?
Press: ? - help, Dir - move target cursor, f/p - yak
Aim: a yak (moderately wounded)
You hit the yak but do no damage.
The yak is moderately wounded.
The yak barely misses you. The yak closely misses you.
Attack whom?
Press: ? - help, Dir - move target cursor, f/p - yak
Aim: a yak (moderately wounded)
You hit the yak.
The yak is moderately wounded.
You have got your breath back.
Attack whom?
Press: ? - help, Dir - move target cursor, f/p - yak
Aim: a yak (moderately wounded)
You hit the yak but do no damage.
The yak is moderately wounded.
The yak closely misses you. The yak gores you.
You die...

.##......#######
.....o.........##
o#..####........####
.#∩.# ##........##.#
.#..###........##..#
...Y##..##.....##..##
.Y.....###.....Y....###
.......###..##.YY.....###
.###.......#####@....)..#
.# ##....### ###.######
.# #...## ### .#
#....#### §# ##......# †#
#######... Y## # Y.###
#oo.#


You could see 3 yaks.

Vanquished Creatures
  A hippogriff (D:8)
  3 yaks (D:9)
  A wyvern (D:8)
  Duvessa (D:5)
  An orc warrior (D:8)
  2 ice beasts
  5 ogres
  2 black bears
  A centaur (D:6)
  4 bullfrogs
  Dowan (D:5)
  A water moccasin skeleton (D:8)
  A killer bee (D:6)
  A howler monkey (D:6)
  2 crimson imps
  A hound (D:6)
  2 bullfrog skeletons
  A gnoll shaman (D:6)
  2 jellies
  4 orc priests
  A centaur skeleton (D:4)
  2 iguanas
  6 orc wizards
  4 worker ants
  6 gnolls
  2 river rats
  2 worker ant zombies (D:5)
  20 adders
  8 oozes (Sewer)
  4 worms
  A dart slug (D:1)
  10 leopard geckos (Sewer)
  11 orcs
  15 bats
  12 giant cockroaches
  6 goblins
  8 hobgoblins
  10 jackals
  4 kobolds
  3 quokkas
  14 ball pythons
  15 frilled lizards
  A leopard gecko skeleton (D:5)
  A leopard gecko zombie (D:6)
  14 rats
217 creatures vanquished.

Vanquished Creatures (others)
  5 fungi (D:4)
5 creatures vanquished.

Grand Total: 222 creatures vanquished

Notes
Turn   | Place    | Note
-------+----------+-------------------------------------------
     0 | D:1      | Martska the Naga Warper began the quest for the Orb.
     0 | D:1      | Reached XP level 1. HP: 19/19 MP: 3/3
   296 | D:1      | Reached XP level 2. HP: 23/26 MP: 5/5
  1109 | D:1      | Reached XP level 3. HP: 33/33 MP: 6/6
  1716 | D:2      | Reached XP level 4. HP: 35/40 MP: 7/7
  2134 | D:2      | Noticed a bullfrog
  2699 | D:3      | Noticed a bullfrog
  2711 | D:3      | Killed a bullfrog
  2711 | D:3      | Reached skill level 3 in Polearms
  2711 | D:3      | Reached XP level 5. HP: 7/49 MP: 8/8
  3908 | D:3      | Reached XP level 6. HP: 22/56 MP: 9/9
  4700 | D:4      | Reached skill level 4 in Polearms
  4938 | D:4      | Learned a level 2 spell: Blink
  4942 | D:4      | Learned a level 3 spell: Teleport Other
  5044 | D:4      | Reached XP level 7. HP: 47/64 MP: 11/11
  5346 | D:4      | Found a shadowy altar of Dithmenos.
  5610 | D:5      | Entered Level 5 of the Dungeon
  6226 | D:5      | Found a glowing drain.
  6237 | Sewer    | Entered a sewer
  7243 | D:5      | Reached skill level 5 in Polearms
  7243 | D:5      | Reached skill level 1 in Armour
  7288 | D:5      | Reached skill level 5 in Fighting
  7288 | D:5      | Reached XP level 8. HP: 66/74 MP: 12/12
  7344 | D:5      | Found Zalaono's Weapon Boutique.
  7485 | D:5      | Noticed Dowan
  7485 | D:5      | Noticed Duvessa
  8196 | D:6      | Got a pair of heavily runed gloves
  8202 | D:6      | Identified the +0 pair of gloves "Oneipt" {rPois rN+
                  | Stlth+} (You found it on level 6 of the Dungeon)
  8343 | D:6      | Noticed Maggie
  8461 | D:5      | Found a staircase to the Ecumenical Temple.
  8470 | Temple   | Entered the Ecumenical Temple
  8596 | Temple   | Became a worshipper of Cheibriados the Contemplative
  8994 | D:6      | Reached skill level 1 in Invocations
  9709 | D:5      | Killed Duvessa
  9709 | D:5      | Reached XP level 9. HP: 69/82 MP: 13/13
  9721 | D:5      | Killed Dowan
  9721 | D:5      | Reached skill level 6 in Polearms
 10574 | D:8      | Reached skill level 5 in Dodging
 11716 | D:8      | Reached * piety under Cheibriados
 11978 | D:8      | You fall into a shaft and drop 1 floor!
 12011 | D:9      | Found Ebremena's Jewellery Shop.
 12144 | D:9      | Reached skill level 7 in Polearms
 12144 | D:9      | Reached XP level 10. HP: 43/92 MP: 14/14
 12188 | D:9      | HP: 2/92 [yak (8)]
 12191 | D:9      | Slain by a yak

Illustrated notes

Levels and vault maps discovered:
D:1:      ncdulo_lavacross, layout_basic
D:2:      layout_loops_ring, uniq_crazy_yiuf_cottage
D:3:      layout_loops_ring, hex_tiny, minmay_circle_x
D:4:      layout_basic, old_standard_altar, serial_aquarium,
          aquarium_bridge_square [aquarium_subvault_wall,
          aquarium_subvault_bridge, aquarium_subvault_window,
          aquarium_subvault_bridge], aquarium_window_fake, aquarium_window_1,
          aquarium_view_2d, aquarium_pool_split, first_ration,
          minmay_misc_feat_tower
D:5:      layout_cave_pools, temple_hall, serial_shops, shop,
          portal_sewer_entry_e, minmay_crystal_water, patterned_corridor,
          uniq_duvessa
D:6:      layout_basic, uniq_maggie
D:7:      layout_basic, ebering_ghost_inner_flame
D:8:      layout_rooms, biasface_ghost_orc_armoury, the_bakery,
          nrook_loot_triangle, minmay_misc_feat_five
D:9:      layout_layer_cave, serial_shops, shop
Temple:   minmay_crystal_snake_temple

Skill      XL: |  1  2  3  4  5  6  7  8  9 10 |
---------------+-------------------------------+-----
Dodging        | 2 3 4 5 |  5.7
Fighting       | 3 4 5 6 |  6.9
Polearms       | 3 4 5 7 |  7.0
Spellcasting   | 3 |  3.0
Armour         | 1 2 3 4 |  4.0
Translocations | 4 |  4.7
Invocations    | 1 4 |  4.2
Throwing       | |  0.8

Action                   |  1- 3 |  4- 6 |  7- 9 | 10-12 || total
-------------------------+-------+-------+-------+-------++-------
Melee: Spear             |   137 |   241 |   668 |    24 ||  1070
Throw: Boomerang         |       |     3 |     3 |       ||     6
 Cast: Blink             |       |     1 |     6 |     1 ||     8
       Teleport Other    |       |       |     9 |       ||     9
Invok: Bend Time         |       |       |     7 |     4 ||    11
 Abil: Spit Poison       |     1 |     5 |    17 |     1 ||    24
Evoke: Wand              |       |     1 |     7 |     1 ||     9
  Use: Scroll            |     1 |     8 |    10 |     3 ||    22
       Potion            |       |       |     3 |     1 ||     4
 Stab: Sleeping          |       |       |     2 |       ||     2
  Eat: Chunk             |     2 |     7 |     6 |       ||    15
       Ration            |       |     1 |     4 |       ||     5
Armor: Leather armour    |    30 |    48 |    36 |       ||   114
       Ring mail         |       |       |   146 |     6 ||   152
Dodge: Dodged            |    72 |   115 |   423 |    19 ||   629
